Description

Stargate Opening to create a voidray to deny scouting and then a mass adept glaives attack to pressure the zerg.

VOD

https://www.youtube.com/watch?v=nquwO64rHZA&ab_channel=HuShangTutorials

Replay - TEMPLATE - Voidray into Adept-Glaives

Build Order

Get SALT Encoding   

  12  0:00  Probe  
  13  0:12  Probe  
  14  0:20  Pylon  
  14  0:24  Probe  
  15  0:38  Probe (Chrono Boost)  
  15  0:40  Gateway  
  16  0:45  Assimilator  
  16  0:50  Probe (Chrono Boost)  
  17  0:59  Probe (Chrono Boost)  
  18  1:04  Probe (Chrono Boost)  
  19  1:16  Probe (Chrono Boost)  
  20  1:22  Probe (Chrono Boost)  
  21  1:27  Nexus  
  21  1:37  Cybernetics Core  
  21  1:42  Assimilator  
  21  1:45  Probe  
  22  1:55  Pylon  
  23  2:11  Adept (Chrono Boost)  
  26  2:18  Stargate  
  26  2:26  Warp Gate  
  27  2:34  Adept  
  33  3:05  Void Ray (Chrono Boost)  
  41  3:23  Twilight Council  
  42  3:30  Gateway  
  45  3:46  Gateway x2  
  45  3:50  Resonating Glaives (Chrono Boost)  
  45  3:51  Pylon  
  46  4:03  Nexus  
  48  4:13  Pylon  
  48  4:21  Adept x2  
  52  4:24  Pylon  
  56  4:46  Adept x4  
  56  4:52  Assimilator x2  
  66  5:06  Adept x2  
  79  5:24  Robotics Facility  
  79  5:26  Forge  
  82  5:36  Sentry x4  
  93  5:58  Shield Battery  
Spawning Tool Build Advisor. Get it on Overwolf

Go to:

Details

  • Created by: hushang      
  • Published on: Jan 05, 2024
  • Patch: 5.0.11
  • Difficulty: Medium
Show
View Real Time Build Order
Export as new Build Order

Comments (0)

There are no comments. Be the first!

Create an account to comment!